 Dungeon Crawl Stone Soup version 0.25-a0-105-g2289b3b9f1 (webtiles) character file.

Game seed: 8155528188966222433, levelgen mode: deterministic

48804 vurker the Thaumaturge (level 14, -20/108 HPs)
             Began as a Mummy Fire Elementalist on Nov 15, 2019.
             Was an Initiate of Gozag.
             Demolished by Rupert
             ... wielding a +5 great mace of holy wrath
              (41 damage)
             ... on level 12 of the Dungeon on Nov 16, 2019.
             The game lasted 01:03:14 (37502 turns).

vurker the Thaumaturge (Mummy Fire Elementalist)   Turns: 37502, Time: 01:03:15

Health: -20/108    AC:  6    Str: 12    XL:     14   Next: 13%
Magic:  3/32       EV: 12    Int: 22    God:    Gozag
Gold:   4328       SH:  4    Dex: 12    Spells: 27/42 levels left

rFire    . . .     SeeInvis .   a - staff of conjuration
rCold    + . .     Gourm    .   B - +0 buckler
rNeg     + + +     Faith    .   C - +1 robe {rC+}
rPois    ∞         Spirit   .   (no helmet)
rElec    .         Reflect  .   r - +0 cloak
rCorr    .         Harm     .   p - +0 pair of gloves
MR       +....                  c - +0 pair of boots
Stlth    ++........             (no amulet)
HPRegen  0.28/turn              G - +3 ring of intelligence
MPRegen  0.23/turn              E - ring of fire

@: about to teleport, very slightly contaminated
A: no food or potions, fire vulnerability, cold resistance 1, negative energy
resistance 3, torment resistance, unbreathing, in touch with death 1
a: Potion Petition, Call Merchant, Bribe Branch, Renounce Religion


You were on level 12 of the Dungeon.
You worshipped Gozag.
Gozag was most pleased with you.
You were not hungry.

You visited 3 branches of the dungeon, and saw 19 of its levels.
You also visited: Ossuary.

You collected 4647 gold pieces.
You spent 45 gold pieces at shops.
You paid 274 gold pieces to Gozag.

Inventory:

Hand Weapons
 b - a +4 scimitar of flaming
   (You took it off Erica on level 8 of the Dungeon)
Missiles
 F - a throwing net (quivered)
Armour
 c - a +0 pair of boots (worn)
   (You found it on level 1 of the Dungeon)
 p - a +0 pair of gloves (worn)
   (You found it on level 5 of the Dungeon)
 r - a +0 cloak (worn)
   (You bought it in a shop on level 6 of the Dungeon)
 B - a +0 buckler (worn)
   (You took it off a spriggan on level 3 of the Lair of Beasts)
 C - a +1 robe of cold resistance (worn)
   (You took it off a spriggan on level 3 of the Lair of Beasts)
Magical Staves
 a - an uncursed staff of conjuration (weapon)
   (You found it on level 6 of the Dungeon)
 o - an uncursed staff of air
   (You found it on level 5 of the Dungeon)
Jewellery
 x - a +3 ring of protection
   (You found it on level 6 of the Lair of Beasts)
 E - a ring of fire (right hand)
   (You found it on level 4 of the Lair of Beasts)
 G - a +3 ring of intelligence (left hand)
   (You found it on level 1 of the Dungeon)
Wands
 d - a wand of iceblast (8)
   (You found it on level 4 of the Lair of Beasts)
 i - a wand of scattershot (4)
   (You took it off Pikel on level 9 of the Dungeon)
 t - a wand of flame (18)
   (You found it on level 6 of the Lair of Beasts)
 u - a wand of paralysis (3)
   (You took it off a wight on level 10 of the Dungeon)
 v - a wand of digging (5)
   (You found it on level 11 of the Dungeon)
 A - a wand of clouds (5)
   (You found it on level 3 of the Lair of Beasts)
Scrolls
 e - 5 scrolls of teleportation
 f - 2 scrolls of enchant weapon
 j - 3 scrolls of amnesia
 k - 9 scrolls of immolation
 l - a scroll of fear
 m - 2 scrolls of magic mapping
 n - 2 scrolls of brand weapon
 q - 4 scrolls of enchant armour
 s - a scroll of identify
 y - 3 scrolls of fog
 z - 4 scrolls of remove curse
Miscellaneous
 h - a phial of floods (inert)
   (You found it on level 5 of the Dungeon)
 w - a sack of spiders


   Skills:
 + Level 9.1 Fighting
 - Level 1.5 Dodging
 - Level 1.5 Stealth
 + Level 3.1 Shields
 * Level 14.9 Spellcasting
 * Level 10.8 Conjurations
 * Level 11.1 Fire Magic
 - Level 5.0 Evocations


You had 27 spell levels left.
You knew the following spells:

 Your Spells              Type           Power        Failure   Level  Hunger
a - Flame Tongue          Conj/Fire      #####        1%          1    N/A
b - Throw Flame           Conj/Fire      ######       1%          2    N/A
c - Conjure Flame         Conj/Fire      #######.     1%          3    N/A
q - Sticky Flame          Conj/Fire      #######.     1%          4    N/A
z - Fireball              Conj/Fire      #######...   1%          5    N/A

Your spell library contained the following spells:

 Spells                   Type           Power        Failure   Level  Hunger
 Inner Flame              Hex/Fire       ######..     1%          3    N/A
 Stone Arrow              Conj/Erth      ######       1%          3    N/A
 Mephitic Cloud           Conj/Pois/Air  #####...     2%          3    N/A
 Confusing Touch          Hex            ###...       4%          1    N/A
 Sandblast                Erth           ###...       4%          1    N/A
 Passwall                 Tmut/Erth      ###.....     6%          2    N/A
 Poisonous Vapours        Pois/Air       ###...       6%          2    N/A
 Confuse                  Hex            ###.....     12%         3    N/A
 Gell's Gravitas          Tloc           ###.......   12%         3    N/A
 Cause Fear               Hex            ###.......   38%         4    N/A
 Petrify                  Tmut/Erth      ###.....     38%         4    N/A
 Lee's Rapid Deconstruct  Erth           ###.......   75%         5    N/A
 Metabolic Englaciation   Hex/Ice        ###.......   75%         5    N/A
 Silence                  Hex/Air        ###.......   75%         5    N/A
 Yara's Violent Unravell  Hex/Tmut       ###.......   75%         5    N/A
 Freezing Cloud           Conj/Ice/Air   #####.....   80%         6    N/A
 Ring of Flames           Chrm/Fire      ######....   98%         7    N/A
 Deflect Missiles         Chrm/Air       ###.......   99%         6    N/A
 Discord                  Hex            ###.......   100%        8    N/A

Dungeon Overview and Level Annotations

Branches:
Dungeon (12/15)            Temple (1/1) D:4            Lair (6/6) D:8
 Shoals (0/4) Lair:3       Spider (0/4) Lair:4        Slime (0/5) Lair:5
    Orc (0/2) D:9         Ossuary (visited)

Altars:
Ashenzari
Cheibriados
Dithmenos
Elyvilon
Fedhas
Gozag
Hepliaklqana
Kikubaaqudgha
Makhleb
Nemelex Xobeh
Okawaru
Qazlal
Ru
Sif Muna
Trog
Uskayaw
Vehumet
Wu Jian
Xom
Yredelemnul
Zin
The Shining One
Beogh
Jiyva

Shops:
D:6 [   D:7 (

Portals:
Trove: D:11 (give 13 scrolls of teleportation)

Annotations:
D:12 Rupert
Lair:5 1 runed translucent door


Innate Abilities, Weirdness & Mutations

You do not eat or drink.
Your flesh is vulnerable to fire.
You are immune to poison.
Your flesh is cold resistant. (rC+)
You are immune to negative energy. (rN+++)
You are immune to unholy pain and torment.
You can survive without breathing.
You are in touch with the powers of death.


Message History

Rupert goes berserk!
Rupert burns!
Rupert hits Rupert with a +5 great mace of holy wrath!!
Rupert burns!
Rupert closely misses you.
You feel a strong surge of power!
The fireball explodes!
The fireball engulfs Rupert!
Rupert resists.
Rupert burns!
Rupert stops burning.
Rupert hits Rupert with a +5 great mace of holy wrath!!
Rupert hits you with a +5 great mace of holy wrath!
You convulse!
You feel a strong surge of power!
The fireball explodes!
The fireball engulfs Rupert.
Rupert resists.
Rupert hits Rupert with a +5 great mace of holy wrath!!
Rupert closely misses you.
You feel a strong surge of power!
The fireball explodes!
The fireball engulfs Rupert!!
Rupert resists.
Rupert closely misses Rupert.
Rupert hits you with a +5 great mace of holy wrath!!
You convulse!!!
* * * LOW HITPOINT WARNING * * *
Rupert hits Rupert with a +5 great mace of holy wrath!
Blink to where?
You are very lightly contaminated with residual magic.
As you read the scroll of blinking, it crumbles to dust.
Aim: Rupert, wielding a +5 great mace of holy wrath and wearing a +0 chain mail of fire resistance (almost dead, berserk, fast, unusually strong)
Okay, then.
You feel a strong surge of power!
The fire ignites!
Okay, then.
Rupert is no longer berserk.
Rupert shimmers and vanishes!
Rupert is engulfed in blazing flames.
Okay, then.
As you read the scroll of fear, it crumbles to dust.
You assume a fearsome visage.
Rupert closely misses you.
Blink to where?
As you read the scroll of blinking, it crumbles to dust.
You feel a strong surge of power!
The fireball explodes!
The fireball engulfs Rupert!
Rupert resists.
A centaur warrior comes into view.
You feel a strong surge of power!
The fireball explodes!
The fireball engulfs Rupert!!
Rupert resists.
The centaur warrior shouts!
The centaur warrior wields a +0 shortbow.
The centaur warrior shoots an arrow.
You block the arrow.
You don't have enough magic to cast that spell.
As you read the scroll of teleportation, it crumbles to dust.
You feel strangely unstable.
The centaur warrior shoots an arrow.
The arrow hits you but does no damage.
The centaur warrior shoots an arrow.
The arrow closely misses you.
Rupert hits you with a +5 great mace of holy wrath!!!
You die...
Your body crumbles into a pile of gold.

#....?# #^....# #.....#
#.....# ####......
#........# # #.#...#.##
#.#c#####.####.<###..##
#.....@@........# #...#
#########.####..###...#
# #........# #######..$
#....... #.###@.$ #(
.... $ #.##..#.
#.......


You could see Rupert (berserk) and a centaur warrior.

Vanquished Creatures
  The ghost of Rooheesk the Severer, a journeyman DDGl of Makhleb (Lair:4)
  4 dire elephants (Lair:6)
  A vault guard (D:10)
  Erolcha (D:10)
  7 hydras
  A two-headed ogre (D:12)
  An anaconda (Lair:6)
  Erica (D:8)
  Pikel (D:9)
  An ugly thing (D:11)
  15 elephants
  A torpor snail (Lair:3)
  6 spiny frogs
  4 rime drakes (Lair:4)
  5 komodo dragons
  2 jumping spiders (Lair:4)
  3 hornets
  2 polar bears
  19 blink frogs
  Prince Ribbit (Lair:3)
  4 hippogriffs
  5 slime creatures
  2 redbacks (Lair:4)
  6 wyverns
  A spriggan (Lair:3)
  17 yaks
  Grum (D:9)
  2 basilisks
  A hydra simulacrum (Lair:4)
  5 water moccasins
  6 porcupines
  A black mamba simulacrum (Lair:4)
  13 ice beasts
  3 sky beasts
  3 phantoms
  2 black bears
  5 ogres
  6 orc warriors
  A necrophage (D:12)
  33 wolves
  An eye of draining (D:6)
  6 centaurs
  11 crocodiles
  A big kobold (D:10)
  7 bullfrogs
  2 scorpions
  A water moccasin skeleton (D:5)
  An elephant simulacrum (Lair:4)
  A dream sheep simulacrum (Lair:4)
  18 killer bees
  A howler monkey (D:6)
  12 wights
  A rime drake simulacrum (Lair:4)
  An electric eel (Lair:4)
  6 centaur zombies
  4 crimson imps
  3 quasits
  A bullfrog zombie (D:3)
  A human zombie (Ossuary)
  2 jellies (D:5)
  5 centaur skeletons
  5 hounds
  8 orc priests
  3 bullfrog skeletons
  10 orc wizards
  2 iguanas
  8 worker ants
  A polar bear simulacrum (Lair:4)
  A killer bee zombie (D:10)
  A big kobold zombie (Ossuary)
  A hound zombie (D:9)
  5 mummies (Ossuary)
  A worker ant zombie (D:6)
  12 adders
  3 shadow imps
  An ooze (D:6)
  An adder skeleton (D:5)
  3 worms
  3 dart slugs
  4 leopard geckos
  43 orcs
  5 giant cockroaches
  5 hobgoblins
  10 jackals
  12 kobolds
  3 quokkas
  A ball python (D:3)
  8 bats
  9 frilled lizards
  4 goblins
  A goblin zombie (Ossuary)
  A hobgoblin zombie (Ossuary)
  2 jackal skeletons
  A kobold zombie (Ossuary)
  An orc zombie (Ossuary)
  A quokka zombie (D:6)
  7 rats
  A bush (Lair:4)
  2 fungi (Lair:2)
  8 plants
478 creatures vanquished.

Vanquished Creatures (collateral kills)
  2 dire elephants (Lair:6)
2 creatures vanquished.

Vanquished Creatures (others)
  2 slaves (D:9)
  An ogre (D:9)
  An orc (D:9)
  12 fungi
  11 plants
27 creatures vanquished.

Grand Total: 507 creatures vanquished

Notes
Turn   | Place    | Note
-------+----------+-------------------------------------------
     0 | D:1      | vurker the Mummy Fire Elementalist began the quest for the
                  | Orb.
     0 | D:1      | Reached XP level 1. HP: 13/13 MP: 4/4
   298 | D:1      | Reached skill level 3 in Spellcasting
   298 | D:1      | Reached skill level 1 in Conjurations
   342 | D:1      | Reached XP level 2. HP: 19/19 MP: 1/6
   420 | D:1      | Learned a level 2 spell: Throw Flame
  1192 | D:2      | Reached XP level 3. HP: 25/25 MP: 0/7
  1877 | D:2      | Reached XP level 4. HP: 25/31 MP: 3/9
  1986 | D:2      | Found a sparkling altar of Nemelex Xobeh.
  1986 | D:2      | Found a glowing golden altar of the Shining One.
  1991 | D:2      | Found a faded altar of an unknown god.
  1993 | D:2      | Found a radiant altar of Vehumet.
  1995 | D:2      | Found a faded altar of an unknown god.
  2059 | D:2      | Reached skill level 1 in Fighting
  2083 | D:2      | Found an opulent altar of Gozag.
  2100 | D:2      | Became a worshipper of Gozag Ym Sagoz the Greedy
  2546 | D:3      | Reached skill level 4 in Spellcasting
  2681 | D:3      | Reached XP level 5. HP: 36/37 MP: 3/11
  3888 | D:4      | Found a sand-covered staircase.
  3995 | Ossuary  | Entered an ossuary
  4104 | Ossuary  | Learned a level 3 spell: Conjure Flame
  4109 | Ossuary  | Learned a level 4 spell: Sticky Flame
  4352 | Ossuary  | Reached XP level 6. HP: 44/44 MP: 9/13
  4588 | Ossuary  | Reached skill level 5 in Spellcasting
  4908 | D:4      | Found a staircase to the Ecumenical Temple.
  4919 | Temple   | Entered the Ecumenical Temple
  5328 | D:4      | Found an iron altar of Okawaru.
  5454 | D:4      | Learned a level 5 spell: Fireball
  5714 | D:5      | Entered Level 5 of the Dungeon
  5879 | D:5      | Reached XP level 7. HP: 51/51 MP: 11/15
  6277 | D:5      | Reached skill level 6 in Spellcasting
  6921 | D:5      | Reached XP level 8. HP: 24/58 MP: 1/17
  7300 | D:5      | Reached skill level 7 in Spellcasting
  7614 | D:6      | Found Vylucu's Armour Shop.
  7619 | D:6      | Bought a +0 cloak for 45 gold pieces
  7637 | D:6      | Reached skill level 5 in Fire Magic
  8302 | D:6      | Reached skill level 5 in Conjurations
  8352 | D:6      | Reached skill level 8 in Spellcasting
  8451 | D:6      | Reached XP level 9. HP: 51/65 MP: 13/21
  9054 | D:7      | Noticed a six-headed hydra
  9956 | D:7      | Killed a six-headed hydra
  9956 | D:7      | Reached skill level 5 in Fighting
  9956 | D:7      | Reached skill level 9 in Spellcasting
 11864 | D:6      | Found Vylucu's Armour Shop.
 12062 | D:7      | Found Umiummay's Weapon Shoppe.
 12401 | D:8      | Reached XP level 10. HP: 50/74 MP: 12/23
 12713 | D:8      | Found a hazy altar of Hepliaklqana.
 12715 | D:8      | Found a white marble altar of Elyvilon.
 13072 | D:8      | Noticed Erica
 13076 | D:8      | Killed Erica
 13076 | D:8      | Reached skill level 10 in Spellcasting
 13076 | D:8      | Reached skill level 1 in Evocations
 13169 | D:8      | Found a staircase to the Lair.
 13598 | D:9      | Noticed Grum
 14429 | D:9      | Killed Grum
 14994 | D:9      | Noticed Pikel
 14998 | D:9      | Killed Pikel
 15724 | D:9      | Found a roughly hewn altar of Beogh.
 15724 | D:9      | Found a staircase to the Orcish Mines.
 16247 | D:8      | Found a hazy altar of Hepliaklqana.
 16247 | D:8      | Found a white marble altar of Elyvilon.
 16327 | D:8      | Found a staircase to the Lair.
 16716 | D:7      | Found Umiummay's Weapon Shoppe.
 17063 | D:8      | Found a hazy altar of Hepliaklqana.
 17065 | D:8      | Found a white marble altar of Elyvilon.
 17182 | D:8      | Found a staircase to the Lair.
 17239 | D:10     | Entered Level 10 of the Dungeon
 17239 | D:10     | Noticed Erolcha
 17242 | D:10     | Killed Erolcha
 17242 | D:10     | Reached skill level 11 in Spellcasting
 17242 | D:10     | Reached XP level 11. HP: 81/81 MP: 10/26
 20749 | D:11     | Noticed a vault guard
 20948 | D:10     | Killed a vault guard
 21422 | D:11     | Noticed a four-headed hydra
 21428 | D:11     | Killed a four-headed hydra
 21428 | D:11     | Reached skill level 12 in Spellcasting
 21482 | D:11     | HP: 3/84 [wyvern (10)]
 21906 | D:11     | Noticed a purple ugly thing
 21910 | D:11     | Killed a purple ugly thing
 22156 | D:11     | Reached XP level 12. HP: 91/91 MP: 17/28
 22837 | D:11     | Found a portal to a secret trove of treasure.
 23250 | D:8      | Upgraded the game from 0.25-a0-102-gbfa96ce22d to
                  | 0.25-a0-105-g2289b3b9f1
 23252 | Lair:1   | Entered Level 1 of the Lair of Beasts
 25601 | Lair:2   | Reached skill level 13 in Spellcasting
 27624 | Lair:3   | Found a staircase to the Shoals.
 27800 | Lair:3   | Noticed Prince Ribbit
 27802 | Lair:3   | Killed Prince Ribbit
 28165 | Lair:3   | Reached skill level 10 in Fire Magic
 28686 | Lair:3   | Noticed a four-headed hydra
 28693 | Lair:3   | Killed a four-headed hydra
 28696 | Lair:3   | Gained mutation: You are in touch with the powers of death.
                  | [Mummy growth]
 28696 | Lair:3   | Reached XP level 13. HP: 32/98 MP: 8/30
 29259 | Lair:4   | Found a runed translucent gate.
 29259 | Lair:4   | Found a runed translucent gate.
 29259 | Lair:4   | Found a runed translucent gate.
 29502 | Lair:4   | Reached skill level 5 in Evocations
 29677 | Lair:4   | Found a hole to the Spider Nest.
 30122 | Lair:4   | Noticed Rooheesk's ghost (journeyman DDGl)
 30568 | Lair:4   | Reached skill level 1 in Shields
 30569 | Lair:4   | Reached skill level 10 in Conjurations
 30730 | Lair:4   | Killed Rooheesk's ghost
 31339 | Lair:5   | Reached skill level 14 in Spellcasting
 32124 | Lair:5   | Found a runed translucent door.
 32124 | Lair:5   | Found a viscous altar of Jiyva.
 32132 | Lair:5   | Got a warped quarterstaff
 32390 | Lair:5   | Found a staircase to the Slime Pits.
 32390 | Lair:5   | Noticed an acid blob
 32762 | Lair:6   | Entered Level 6 of the Lair of Beasts
 34920 | Lair:6   | Noticed a dire elephant
 34925 | Lair:6   | Killed a dire elephant
 35054 | Lair:6   | Noticed a dire elephant
 35054 | Lair:6   | Noticed a dire elephant
 35071 | Lair:6   | Killed a dire elephant
 35074 | Lair:6   | Killed a dire elephant
 35615 | Lair:6   | Reached XP level 14. HP: 108/108 MP: 1/32
 37179 | D:12     | Noticed Rupert
 37179 | D:12     | Paralysed by Rupert for 5 turns
 37502 | D:12     | Demolished by Rupert

Levels and vault maps discovered:
D:1:      zelgadis_glass_arrival_small, layout_basic, minmay_quantized
D:2:      minmay_diamond_boxcup, layout_loops_corners, grunt_gozag_statues,
          chequers_temple_overflow_minitemple
D:3:      layout_basic
D:4:      layout_cave_pools, okawaru_ov_weapons_minmay,
          minmay_temple_entry_slanted, first_ration, chequers_ossuary_entry_cave
D:5:      layout_layer_cave, minmay_bent
D:6:      layout_cave_pools, serial_shops, shop
D:7:      layout_rooms, serial_shops, kennysheep_mini_moat, st_stairs_12
D:8:      layout_basic, chequers_temple_overflow_statue_of_worship,
          lair_entry_dummy, uniq_erica
D:9:      layout_rooms, david_orc_5, uniq_grum, uniq_pikel
D:10:     layout_basic, minmay_misc_feat_rows, uniq_erolcha
D:11:     layout_small_grid, enter_trove_5, portal_ice_cave_entry_ice_beasts
D:12:     kennysheep_windowed_halls, layout_loops_cross,
          hangedman_little_slice_of_home, uniq_rupert
Temple:   regret_index_temple_generic_petals
Lair:1:   layout_cave_pods, minmay_stone_trees_medium,
          chequers_serial_rivers_large_a, st_stairs_12, grunt_megastairs_2,
          lemuel_fruit_tree
Lair:2:   layout_misc_corridors, grunt_forest_large_clearings
Lair:3:   layout_chaotic_city, minmay_shoals_entry_centaurs,
          grunt_forest_large_clearing_hut, grunt_megastairs_5,
          uniq_prince_ribbit2
Lair:4:   layout_small_grid, spider_nest_entry_a, gammafunk_ghost_icy,
          gammafunk_lair_bear_cave
Lair:5:   layout_cave_shapes, slime_altar_2, chequers_serial_rivers_small_3,
          serial_bayou_pond_b, nicolae_quartered_pool_medium
Lair:6:   due_jungle_book, layout_regular_city

Skill      XL: |  1  2  3  4  5  6  7  8  9 10 11 12 13 14 |
---------------+-------------------------------------------+-----
Spellcasting   | 3 4 5 6 8 9 11 12 13 14 | 14.9
Conjurations   | 1 2 3 4 5 6 7 8 9 10 | 10.8
Fire Magic     | 3 4 5 6 8 9 10 11 | 11.1
Fighting       | 1 2 3 4 5 6 7 8 9 |  9.1
Evocations     | 2 3 4 5 |  5.0
Shields        | 2 3 |  3.1
Dodging        | |  1.5
Stealth        | |  1.5

Action                   |  1- 3 |  4- 6 |  7- 9 | 10-12 | 13-15 || total
-------------------------+-------+-------+-------+-------+-------++-------
Melee: Dagger            |     5 |     3 |  1155 |       |       ||  1163
       Staff             |       |       |       |   158 |   169 ||   327
       Scimitar          |       |       |       |     7 |     3 ||    10
 Cast: Flame Tongue      |    61 |   112 |   142 |   154 |    16 ||   485
       Throw Flame       |     6 |    43 |    58 |    93 |    18 ||   218
       Sticky Flame      |       |     1 |    15 |    57 |    19 ||    92
       Conjure Flame     |       |       |     4 |     3 |     4 ||    11
       Fireball          |       |       |     9 |   189 |   147 ||   345
Invok: Potion Petition   |       |       |     1 |       |     1 ||     2
Evoke: Wand              |       |       |     3 |     1 |     9 ||    13
       Phial of floods   |       |       |     1 |       |     1 ||     2
       Phantom mirror    |       |       |       |       |     1 ||     1
  Use: Scroll            |     4 |     5 |     4 |     3 |    11 ||    27
 Stab: Distracted        |       |       |     1 |       |       ||     1
       Paralysed         |       |       |       |     1 |       ||     1
Armor: Robe              |     9 |     5 |   203 |   110 |     7 ||   334
Dodge: Dodged            |    23 |    35 |   414 |   203 |    20 ||   695
Block: Buckler           |       |       |       |       |    14 ||    14
       Rpst.: Scimitar   |       |       |       |     3 |       ||     3

Table legend:
 A = Non-vault XP
 B = Vault XP
 C = Vault XP percentage of total XP
 D = Non-vault monster count
 E = Vault monster count
 F = Vault count percentage of total count
                 A         B        C        D         E       F
            +---------+---------+-------+---------+---------+-------
      Total |   47704 |   22017 |  31.6 |     335 |     134 |  28.6
            +---------+---------+-------+---------+---------+-------
        D:1 |      29 |       9 |  23.7 |      18 |       5 |  21.7
        D:2 |      54 |      37 |  40.7 |      15 |       9 |  37.5
        D:3 |     105 |       0 |   0.0 |      19 |       0 |   0.0
        D:4 |     141 |       0 |   0.0 |      10 |       0 |   0.0
        D:5 |     911 |     212 |  18.9 |      20 |       7 |  25.9
        D:6 |    1845 |       0 |   0.0 |      26 |       0 |   0.0
        D:7 |    1607 |      11 |   0.7 |      13 |       1 |   7.1
        D:8 |    1462 |     921 |  38.6 |      25 |       2 |   7.4
        D:9 |    2150 |    1754 |  44.9 |      35 |      25 |  41.7
       D:10 |    4420 |    1964 |  30.8 |      40 |       2 |   4.8
       D:11 |    4278 |    1030 |  19.4 |      18 |       8 |  30.8
       D:12 |    1181 |       0 |   0.0 |       6 |       0 |   0.0
     Lair:1 |    3063 |    1056 |  25.6 |      14 |       6 |  30.0
     Lair:2 |    4035 |    1883 |  31.8 |      14 |      15 |  51.7
     Lair:3 |     849 |    4818 |  85.0 |       5 |      17 |  77.3
     Lair:4 |    2091 |    4858 |  69.9 |       6 |      18 |  75.0
     Lair:5 |    4081 |     319 |   7.2 |      10 |       1 |   9.1
     Lair:6 |   15402 |    2887 |  15.8 |      41 |       5 |  10.9
    Ossuary |       0 |     258 | 100.0 |       0 |      13 | 100.0
            +---------+---------+-------+---------+---------+-------
